 Dungeon Sprint DCSS version 0.17-a0-1718-g72dbe4d (webtiles) character file.

149 patman the Blocker (level 5, -2/41 HPs)
             Began as a Formicid Fighter on Aug 26, 2015.
             Slain by a deep elf priest
             ... wielding a +2 long sword of holy wrath
              (8 damage)
             ... in the Dungeon (Sprint III: "The Ten Rune Challenge").
             The game lasted 00:02:42 (586 turns).

patman the Blocker (Formicid Fighter)                Turns: 586, Time: 00:02:42

Health: -2/41      AC:  8    Str: 20    XL:     5   Next: 56%
Magic:  5/5        EV:  9    Int:  8    God:
Gold:   32         SH: 11    Dex: 11    Spells: 0 memorised, 4 levels left

rFire  . . .     SeeInvis +     a - +0 flail
rCold  . . .     Clarity  .     b - +0 scale mail
rNeg   . . .     SustAt   .     c - +0 shield
rPois  .         Gourm    .     (helmet unavailable)
rElec  .         Spirit   .     (no cloak)
rCorr  .         Warding  .     (no gloves)
rMut   .         Stasis   +     (no boots)
MR     .....                    (no amulet)
Stlth  ..........               (no ring)
                                (no ring)

@: not resistant to hostile enchantments, extremely unstealthy
A: permanent stasis, dig shafts and tunnels, four strong arms, antennae 3, slimy
green scales 1, mutation resistance 1, spit poison 1
a: Dig, Spit Poison


You were in the Dungeon.
You were not hungry.

You visited 1 branch You collected 32 gold pieces.

Inventory:

Hand weapons
 a - a +0 flail (weapon)
 g - a +1 dagger of electrocution
Armour
 b - a +0 scale mail (worn)
 c - a +0 shield (worn)
Scrolls
 k - a scroll of blinking
 l - a scroll of fear {unknown}
 n - a scroll of holy word {unknown}
 p - a scroll of remove curse {unknown}
 t - a scroll of torment {unknown}
 u - a scroll of immolation {unknown}
Potions
 f - a potion of curing
 h - a potion of haste
 i - 2 potions of magic
 j - a potion of berserk rage
 m - a potion of mutation
 r - a potion of agility
 s - 3 potions of flight
 w - a potion of cure mutation
Books
 d - a book of Summonings

   Spells                             Type                      Level
   a - Recall                         Summoning/Translocation      3
   b - Aura of Abjuration             Summoning                    5
   c - Shadow Creatures               Summoning                    5
   d - Summon Demon                   Summoning                    5
   e - Summon Forest                  Summoning/Translocation      5
   f - Summon Mana Viper              Hexes/Summoning              5
Comestibles
 e - a bread ration
 q - a meat ration
 v - 2 fruits


   Skills:
 * Level 3.2 Fighting
 - Level 7.3 Maces & Flails
 * Level 3.2 Armour
 - Level 9.5 Shields


You had 4 spell levels left.
You didn't know any spells.

Dungeon Overview and Level Annotations

Branches:
Dungeon (1/1)

Altars:
Elyvilon
Kikubaaqudgha
Sif Muna
Vehumet
Zin
The Shining One


Innate Abilities, Weirdness & Mutations

You are under a permanent stasis effect.
You can dig through walls and to a lower floor.
Your four strong arms can wield two-handed weapons with a shield.
You have a pair of large antennae on your head (SInv).
You are partially covered in slimy green scales (AC +2).
You are somewhat resistant to further mutation.
You can spit weak poison.


Message History

You hit the deep elf priest.
The deep elf priest is almost dead.
The deep elf priest drinks a potion.
The deep elf priest is healed!
Unknown command.
You hit the deep elf priest.
The deep elf priest is lightly wounded.
The deep elf priest hits you with a long sword of holy wrath.
* * * LOW HITPOINT WARNING * * *
Unknown command.
Drink which item? (? for menu, Esc to quit)
You feel better.
The deep elf priest hits you but does no damage.
You hit the deep elf priest.
The deep elf priest is moderately wounded.
The deep elf priest hits you with a long sword of holy wrath!
* * * LOW HITPOINT WARNING * * *
You hit the deep elf priest.
The deep elf priest is heavily wounded.
The deep elf priest hits you with a long sword of holy wrath!
You die...

▓▓▓▓▓ ▓▓▓ #[..####
##.#####
#......#####..#___# {
#....[..#..#..#e@.# { {
##.##...#..#..###'#+###+#
##.###..##'#..#..........
###.##..###...'.⌠........
#..##..####...#...######+
†..##..###....#.⌠.# {
†.##...##.....#[..#
.##....#......#'###
###..##.#.....#.).#


You could see a deep elf priest.

Vanquished Creatures
  A water elemental (D)
  Jessica (D)
  A wizard (D)
  A human (D)
  A kobold demonologist (D)
  A phantom (D)
  3 rats (D)
9 creatures vanquished.

Vanquished Creatures (others)
  2 draconian scorchers (D)
  A yaktaur (D)
  2 plants (D)
5 creatures vanquished.

Grand Total: 14 creatures vanquished

Notes
Turn   | Place    | Note
--------------------------------------------------------------
     0 | D        | patman the Formicid Fighter began the quest for the Orb.
     0 | D        | Reached XP level 1. HP: 18/18 MP: 1/1
    25 | D        | Noticed Jessica
    29 | D        | Killed Jessica
    29 | D        | Reached skill level 6 in Maces & Flails
    29 | D        | Reached XP level 2. HP: 24/24 MP: 2/2
    29 | D        | Reached XP level 3. HP: 29/29 MP: 3/3
    62 | D        | Killed a yaktaur
    69 | D        | Reached skill level 7 in Maces & Flails
   274 | D        | Killed a white draconian scorcher
   277 | D        | Reached XP level 4. HP: 35/35 MP: 4/4
   308 | D        | Gained mutation: You are partially covered in slimy green scales (AC +2). [potion of mutation]
   308 | D        | Gained mutation: You can spit weak poison. [potion of mutation]
   308 | D        | Gained mutation: You are somewhat resistant to further mutation. [potion of mutation]
   309 | D        | Noticed a water elemental
   315 | D        | Killed a water elemental
   315 | D        | Reached XP level 5. HP: 41/41 MP: 5/5
   318 | D        | Killed a white draconian scorcher
   323 | D        | Found a radiant altar of Vehumet.
   323 | D        | Found a deep blue altar of Sif Muna.
   323 | D        | Found an ancient bone altar of Kikubaaqudgha.
   323 | D        | Noticed a wizard
   334 | D        | Noticed a sun demon
   336 | D        | Killed a wizard
   336 | D        | Reached skill level 8 in Shields
   337 | D        | Reached skill level 9 in Shields
   573 | D        | Found a glowing silver altar of Zin.
   573 | D        | Found a glowing golden altar of the Shining One.
   573 | D        | Found a white marble altar of Elyvilon.
   574 | D        | Noticed a deep elf priest
   586 | D        | Slain by a deep elf priest

Vault maps used:
D:        dungeon_sprint_mu

Action                   |  1- 3 |  4- 6 || total
-------------------------+-------+-------++-------
Melee: Flail             |    30 |    25 ||    55
  Use: Scroll            |       |     3 ||     3
       Potion            |       |     4 ||     4
